 Dungeon Crawl Stone Soup version 0.23.2-1-ga50397a (webtiles) character file.

Game seed: 16374430857351137462

136 Fang the Skirmisher (level 5, -4/49 HPs)
             Began as a Gargoyle Berserker on May 14, 2019.
             Was a Believer of Trog.
             Slain by a worm (6 damage)
             ... on level 2 of the Dungeon.
             The game lasted 00:02:30 (1384 turns).

Fang the Skirmisher (Gargoyle Berserker)            Turns: 1384, Time: 00:02:31

Health: -4/49      AC: 13    Str: 27    XL:     5   Next: 19%
Magic:  5/5        EV:  9    Int:  7    God:    Trog [**....]
Gold:   120        SH:  0    Dex:  9    Spells: 4/4 levels left

rFire    . . .     SeeInvis .   a - +0 hand axe
rCold    . . .     Gourm    .   (no shield)
rNeg     + . .     Faith    .   b - +0 chain mail
rPois    ∞         Spirit   .   (no helmet)
rElec    +         Reflect  .   e - scarf {cloud immunity}
rCorr    .         Harm     .   (no gloves)
MR       ++...                  (no boots)
Stlth    ..........             (no amulet)
HPRegen  1.16/turn              (no ring)
MPRegen  0.09/turn              (no ring)

@: berserking, regenerating, very quick
A: negative energy resistance 1, electricity resistance, unbreathing,
petrification resistance, rot immunity, AC +4
a: Berserk, Trog's Hand, Renounce Religion


You were on level 2 of the Dungeon.
You worshipped Trog.
Trog was pleased with you.
You were very hungry.

You visited 1 branch of the dungeon, and saw 2 of its levels.

You collected 120 gold pieces.

Inventory:

Hand Weapons
 a - a +0 hand axe (weapon)
Armour
 b - a +0 chain mail (worn)
 e - a scarf of cloud immunity (worn)
Scrolls
 d - a scroll of noise {unknown}
 g - 3 scrolls of identify {unknown}
 h - a scroll of blinking {unknown}
 j - 2 scrolls of remove curse {unknown}
 k - a scroll of teleportation {unknown}
 m - a scroll of enchant weapon {unknown}
 n - a scroll of fear {unknown}
Potions
 i - a potion of degeneration {unknown}
 l - a potion of heal wounds {unknown}
Comestibles
 c - 3 rations
 f - 6 chunks of flesh


   Skills:
 + Level 4.2 Fighting
 + Level 3.5 Axes
 + Level 3.3 Armour
 + Level 2.5 Dodging


You had 4 spell levels left.
You didn't know any spells.
Your spell library was empty.

Dungeon Overview and Level Annotations

Branches:
Dungeon (2/15)

Altars:
Trog


Innate Abilities, Weirdness & Mutations

You are resistant to torment.
Your stone body is resilient. (AC +4)
You are immune to poison.
You resist negative energy. (rN+)
You are resistant to electric shocks. (rElec)
You can survive without breathing.
You are immune to petrification.
You are immune to rotting.


Message History

You are too injured to fight recklessly!
Your skin crawls.
You feel resistant to hostile enchantments.
You are feeling hungry.
The rat barely misses you. The worm bites you.
* * * LOW HITPOINT WARNING * * *
The rat bites you but does no damage.
A red film seems to cover your vision as you go berserk!
You feel yourself moving faster!
You feel mighty!
You are feeling very hungry.
The rat bites you but does no damage. The worm barely misses you.
The worm bites you.
* * * LOW HITPOINT WARNING * * *
You hit the worm.
The worm is moderately wounded.
You closely miss the rat. You hit the worm.
The rat bites you but does no damage. The worm bites you.
* * * LOW HITPOINT WARNING * * *
The worm bites you.
You die...

#....(# .........# #..
#.....# ####
.........# ##' #.....#
###).)###.........# #.
####'###
##....)..#########.#
## #.....# #...._...)#
#.# #.....#
##.........##
####.##### #.....#
#....###....#
#......... #.....#
#...##y##w..#
#......... #.....#
#....###@ww.#
#......(.. #.....#
#........r..#
#......... ####'##
##.........##
#.÷.......
####.######.......##.
#.........
.)........####.#####.#
#.........
###....[....##.# ..
#.........
#............#
#.##.......##
###........#####
#..#.......#
.÷.........#
#.#.......#


You could see a moth of wrath, 3 worms and a rat (berserk).

Vanquished Creatures
  5 gnolls
  5 oozes (D:1)
  4 worms
  4 giant cockroaches
  7 goblins
  2 hobgoblins
  10 jackals (D:1)
  4 kobolds (D:1)
  3 bats
  3 frilled lizards
  7 rats
54 creatures vanquished.

Notes
Turn   | Place    | Note
-------+----------+-------------------------------------------
     0 | D:1      | Fang the Gargoyle Berserker began the quest for the Orb.
     0 | D:1      | Reached XP level 1. HP: 14/14 MP: 1/1
     1 | D:1      | Found a runed translucent door.
   442 | D:1      | Reached XP level 2. HP: 19/19 MP: 2/2
   664 | D:1      | Reached XP level 3. HP: 19/23 MP: 3/3
   924 | D:1      | Reached ** piety under Trog
   932 | D:1      | Reached XP level 4. HP: 29/29 MP: 4/4
  1104 | D:2      | Reached skill level 4 in Fighting
  1109 | D:2      | Reached XP level 5. HP: 33/33 MP: 5/5
  1364 | D:2      | Noticed a moth of wrath
  1368 | D:2      | Found a bloodstained altar of Trog.
  1384 | D:2      | HP: 2/49 [worm (5)]
  1384 | D:2      | Slain by a worm

Skill      XL: |  1  2  3  4 |
---------------+-------------+-----
Axes           | 3 |  3.5
Dodging        | 2 |  2.5
Armour         | 3 |  3.3
Fighting       | 4 |  4.2

Action                   |  1- 3 |  4- 6 || total
-------------------------+-------+-------++-------
Melee: Hand axe          |    85 |    57 ||   142
Invok: Berserk           |     2 |     2 ||     4
       Trog's Hand       |       |     1 ||     1
  Eat: Chunk             |     1 |     3 ||     4
Armor: Animal skin       |     7 |       ||     7
       Chain mail        |    29 |    56 ||    85
Dodge: Dodged            |    40 |    38 ||    78
